WCHLSIM.com - West Coast Hockey League
Teams
League projects
html PUBLIC "-//W3C//DTD XHTML 1.0 Transitional//EN" "http://www.w3.org/TR/xhtml1/DTD/xhtml1-transitional.dtd"> WCHL - Game 202 - SALEM BLACK JAYS vs TEXAS TOROS

SALEM BLACK JAYS vs TEXAS TOROS

Created - 12 novembre 2024 at 15:44

Goals
1 2 3 T
SALEM BLACK JAYS 2 2 0 4
TEXAS TOROS 0 0 0 0
Shots
1 2 3 T
SALEM BLACK JAYS 9 10 10 29
TEXAS TOROS 9 10 7 26

1st period

1. SALEM BLACK JAYS , Matthew Grzelcyk 1 (Filip Chytil 1, Nikita Zadorov 2) at 2:27
2. SALEM BLACK JAYS , Mathew Barzal 6 (Dylan Cozens 7) at 8:17

Penalties :
Urho Vaakanainen (SAL) for Tripping (Minor) at 9:50, Mikko Rantanen (SAL) for Hooking (Minor) at 16:45

2nd period

3. SALEM BLACK JAYS , Mathew Barzal 7 (Dylan Cozens 8) at 5:35
4. SALEM BLACK JAYS , Mikko Rantanen 7 (Dylan Larkin 7, Mathew Barzal 6) at 15:18 (PP)

Penalties :
Dougie Hamilton (TEX) for Holding (Minor) at 15:03, Matthew Grzelcyk (SAL) for High sticking (Minor) at 15:35

3rd period

No Goal

Penalties :
Dougie Hamilton (TEX) for Tripping (Minor) at 11:54

Goalie Stats

Juuse Saros (SAL), 26 saves from 26 shots - (1,000), W, 8-4-0, 60:00 minutes
Adin Hill (TEX), 12 saves from 12 shots - (1,000), 24:42 minutes
Philipp Grubauer (TEX), 13 saves from 17 shots - (0,765), L, 6-6-0, 35:18 minutes

Players Stats for SALEM BLACK JAYS

Player Name              G  A  P  +/- PIM S  H  SB GA TA FO     MP     PP MP  PK MP  
------------------------------------------------------------------------------------
Barrett Hayton           0  0  0   2  0   0  0  0  0  0  2/2    19:59   1:15   2:30 
Brett Seney              0  0  0   1  0   0  0  0  0  0  0/0     5:16   0:00   0:00 
Cody Ceci                0  0  0   0  0   0  3  1  0  0  0/0    20:54   0:44   2:07 
Colin Miller             0  0  0   1  0   0  4  1  0  0  0/0    18:28   0:00   0:37 
Dylan Cozens             0  2  2   2  0   4  1  0  0  0  12/19  19:59   1:15   2:30 
Dylan Larkin             0  1  1   0  0   2  2  1  0  0  12/20  19:10   0:59   0:00 
Filip Chytil             0  1  1   1  0   0  0  0  0  0  7/10    5:16   0:00   0:00 
Joe Snively              0  0  0   0  0   0  0  0  0  0  1/1    12:08   0:00   0:00 
Joshua Morrissey         0  0  0   0  0   0  1  1  0  0  0/0    22:44   1:15   2:07 
Mark Friedman            0  0  0   1  0   0  1  0  0  0  0/0     6:32   0:00   1:01 
Martin Necas             0  0  0   0  0   3  1  0  0  0  0/0    15:35   0:00   3:27 
Mathew Barzal            2  1  3   2  0   6  0  0  0  0  0/0    17:13   0:59   0:00 
Matthew Grzelcyk         1  0  1   2  2   1  0  4  0  0  0/0    17:40   0:44   2:21 
Mikko Rantanen           1  0  1   0  2   5  0  0  0  0  4/4    19:09   0:59   0:00 
Mitchell Marner          0  0  0   0  0   5  1  0  0  0  0/0    19:26   1:15   0:00 
Nikita Zadorov           0  1  1   2  0   1  5  3  0  0  0/0    20:26   0:50   3:41 
Theodor Blueger          0  0  0   0  0   2  1  0  0  0  9/13   15:35   0:00   3:27 
Urho Vaakanainen         0  0  0   1  2   0  0  2  0  0  0/0    18:30   0:55   0:00 

Players Stats for TEXAS TOROS

Player Name              G  A  P  +/- PIM S  H  SB GA TA FO     MP     PP MP  PK MP  
------------------------------------------------------------------------------------
Bobby Brink              0  0  0  -1  0   3  0  0  0  0  0/1    15:40   0:00   0:00 
Brandon Duhaime          0  0  0   0  0   0  0  0  0  0  0/0     0:00   0:00   0:00 
Dougie Hamilton          0  0  0  -1  4   0  0  0  0  0  0/0    19:13   2:52   0:00 
Jansen Harkins           0  0  0   0  0   0  1  0  0  0  1/6     4:33   0:00   0:00 
Kevin Hayes              0  0  0  -1  0   2  0  0  0  0  7/12   16:31   0:00   0:51 
Logan Cooley             0  0  0  -1  0   2  2  0  0  0  0/1    15:48   0:00   0:05 
Mikhail Sergachev        0  0  0  -1  0   2  0  2  0  0  0/0    24:32   3:05   1:14 
Miles Wood               0  0  0   0  0   2  3  0  0  0  0/2    17:29   3:05   0:00 
Nate Schmidt             0  0  0  -1  0   1  0  0  0  0  0/0    15:38   0:00   0:25 
Owen Power               0  0  0  -1  0   1  2  1  0  0  0/0    24:27   3:05   1:09 
Philippe Myers           0  0  0  -1  0   0  1  1  0  0  0/0    15:53   0:00   0:40 
Ryan Poehling            0  0  0   0  0   3  0  2  0  0  7/21   22:43   3:05   1:18 
Taylor Raddysh           0  0  0   0  0   1  1  1  0  0  0/0    17:29   3:05   0:00 
Trevor Zegras            0  0  0   0  0   2  0  0  0  0  0/1     5:07   0:00   0:00 
Troy Terry               0  0  0  -2  0   3  0  1  0  0  6/21   21:27   2:52   1:23 
Tyson Barrie             0  0  0  -1  0   0  1  1  0  0  0/0    20:15   2:52   1:00 
Tyson Foerster           0  0  0  -2  0   4  1  0  0  0  0/0    20:55   2:52   0:51 
Yegor Chinakhov          0  0  0  -2  0   0  2  0  0  0  1/4    20:04   2:52   0:00 

3 Stars

1 - Mathew Barzal (SAL)
2 - Juuse Saros (SAL)
3 - Nikita Zadorov (SAL)

Power Play

SALEM BLACK JAYS - 1 on 2 Attempt(s) - 50,00%
TEXAS TOROS - 0 on 3 Attempt(s) - 0,00%

Penalty Kill

SALEM BLACK JAYS - 3 on 3 Attempt(s) - 100,00% - Score 0 goal in Penalty Kill
TEXAS TOROS - 1 on 2 Attempt(s) - 50,00% - Score 0 goal in Penalty Kill

Team Stat

SALEM BLACK JAYS - Hits : 20 - Faceoff Wins : 47 - Blocked Shots : 13 - Penalty Minutes : 6
TEXAS TOROS - Hits : 14 - Faceoff Wins : 22 - Blocked Shots : 9 - Penalty Minutes : 4

Official

Referees : Reid Anderson and Graham Skilliter
Linesman : Bryan Pancich and Derek Wahl

Game Notes

Adin Hill enters game at 15:18 of 2nd period

Finance

Level 1 -- Attendance: 5583 (85,89%) -- Ticket Income 949 110 $
Level 2 -- Attendance: 4138 (75,24%) -- Ticket Income 496 560 $
Level 3 -- Attendance: 2425 (80,83%) -- Ticket Income 218 250 $
Level 4 -- Attendance: 4904 (98,08%) -- Ticket Income 294 240 $
Luxury Box -- Attendance: 639 (63,90%) -- Ticket Income 255 600 $
Game was played at the Red Bull Arena.
Total Attendance: 17689 (84,23%)
Total Ticket Income: 2 213 760 $
Other Expense: 22 138 $
Total Income: 2 191 622 $

SALEM BLACK JAYS

5 vs 5 Forward 
   Center                   Left Wing                Right Wing               Time % Phy DF OF 
 1 Dylan Larkin             Mikko Rantanen           Mitchell Marner          38     1   1  3  
 2 Dylan Cozens             Barrett Hayton           Mathew Barzal            32     1   2  2  
 3 Theodor Blueger          Joe Snively              Martin Necas             22     1   2  2  
 4 Filip Chytil             Brett Seney              Mark Friedman            8      1   3  1  

5 vs 5 Defense 
   Defense                  Defense                                           Time % Phy DF OF 
 1 Joshua Morrissey         Cody Ceci                                         36     1   2  2  
 2 Nikita Zadorov           Matthew Grzelcyk                                  31     1   2  2  
 3 Urho Vaakanainen         Colin Miller                                      23     1   2  2  
 4 Nikita Zadorov           Joshua Morrissey                                  10     1   2  2  

PowerPlay Forward 
   Center                   Left Wing                Right Wing               Time % Phy DF OF 
 1 Dylan Larkin             Mikko Rantanen           Mathew Barzal            55     1   1  3  
 2 Dylan Cozens             Barrett Hayton           Mitchell Marner          45     1   1  3  

PowerPlay Defense
   Defense                  Defense                                           Time % Phy DF OF 
 1 Joshua Morrissey         Nikita Zadorov                                    55     1   2  2  
 2 Cody Ceci                Matthew Grzelcyk                                  45     1   2  2  

Penalty Kill 4 Players Forward 
   Center                   Wing                     Time % Phy DF OF 
 1 Theodor Blueger          Martin Necas             55     1   3  1  
 2 Dylan Cozens             Barrett Hayton           45     1   3  1  

Penalty Kill 4 Players Defense
   Defense                  Defense                  Time % Phy DF OF 
 1 Joshua Morrissey         Cody Ceci                55     1   3  1  
 2 Nikita Zadorov           Matthew Grzelcyk         45     1   3  1  

Penalty Kill - 3 Players Forward 
   Forward                                           Time % Phy DF OF 
 1 Theodor Blueger                                   55     1   1  3  
 2 Dylan Cozens                                      45     1   1  3  

Penalty Kill - 3 Players Defense
   Defense                  Defense                  Time % Phy DF OF 
 1 Joshua Morrissey         Cody Ceci                55     1   1  3  
 2 Nikita Zadorov           Matthew Grzelcyk         45     1   1  3  

4 vs 4 Forward 
   Center                   Wing                     Time % Phy DF OF 
 1 Dylan Larkin             Mitchell Marner          55     1   2  2  
 2 Mathew Barzal            Mikko Rantanen           45     1   2  2  

4 vs 4 Defense
   Defense                  Defense                  Time % Phy DF OF 
 1 Joshua Morrissey         Cody Ceci                55     1   2  2  
 2 Nikita Zadorov           Matthew Grzelcyk         45     1   2  2  

Last Minutes Offensive
   Center                   Left Wing                Right Wing               Defense                  Defense                  
   Dylan Larkin             Mikko Rantanen           Mitchell Marner          Joshua Morrissey         Cody Ceci                

Last Minutes Defensive
   Center                   Left Wing                Right Wing               Defense                  Defense                  
   Dylan Larkin             Mikko Rantanen           Mitchell Marner          Joshua Morrissey         Cody Ceci                

Goaltenders
Starting : Juuse Saros              
Backup : Alex Nedeljkovic         

Extra Forwards
Normal : Theodor Blueger, Filip Chytil, Joe Snively - PP : Theodor Blueger, Filip Chytil - PK : Mikko Rantanen
Extra Defensemen
Normal : Urho Vaakanainen, Colin Miller, Mark Friedman - PP : Urho Vaakanainen - PK : Colin Miller, Mark Friedman
Penalty Shots
Mikko Rantanen, Mitchell Marner, Mathew Barzal, Dylan Larkin, Martin Necas
Custom OT Lines Forwards
Mikko Rantanen, Mitchell Marner, Mathew Barzal, Dylan Larkin, Martin Necas, Dylan Cozens, Theodor Blueger, Barrett Hayton, Filip Chytil, Joe Snively
Custom OT Lines Defensemen
Joshua Morrissey, Cody Ceci, Nikita Zadorov, Matthew Grzelcyk, Urho Vaakanainen

Scratches
None

TEXAS TOROS

5 vs 5 Forward 
   Center                   Left Wing                Right Wing               Time % Phy DF OF 
 1 Troy Terry               Yegor Chinakhov          Tyson Foerster           36     1   2  2  
 2 Ryan Poehling            Miles Wood               Taylor Raddysh           31     1   2  2  
 3 Kevin Hayes              Logan Cooley             Bobby Brink              23     1   2  2  
 4 Jansen Harkins           Trevor Zegras            Ryan Poehling            10     1   2  2  

5 vs 5 Defense 
   Defense                  Defense                                           Time % Phy DF OF 
 1 Mikhail Sergachev        Owen Power                                        36     1   2  2  
 2 Dougie Hamilton          Tyson Barrie                                      31     1   2  2  
 3 Nate Schmidt             Philippe Myers                                    23     1   2  2  
 4 Mikhail Sergachev        Owen Power                                        10     1   2  2  

PowerPlay Forward 
   Center                   Left Wing                Right Wing               Time % Phy DF OF 
 1 Troy Terry               Yegor Chinakhov          Tyson Foerster           55     1   2  2  
 2 Ryan Poehling            Miles Wood               Taylor Raddysh           45     1   2  2  

PowerPlay Defense
   Defense                  Defense                                           Time % Phy DF OF 
 1 Mikhail Sergachev        Owen Power                                        55     1   2  2  
 2 Dougie Hamilton          Tyson Barrie                                      45     1   2  2  

Penalty Kill 4 Players Forward 
   Center                   Wing                     Time % Phy DF OF 
 1 Troy Terry               Ryan Poehling            55     1   2  2  
 2 Kevin Hayes              Tyson Foerster           45     1   2  2  

Penalty Kill 4 Players Defense
   Defense                  Defense                  Time % Phy DF OF 
 1 Mikhail Sergachev        Owen Power               55     1   2  2  
 2 Dougie Hamilton          Tyson Barrie             45     1   2  2  

Penalty Kill - 3 Players Forward 
   Forward                                           Time % Phy DF OF 
 1 Troy Terry                                        55     1   2  2  
 2 Ryan Poehling                                     45     1   2  2  

Penalty Kill - 3 Players Defense
   Defense                  Defense                  Time % Phy DF OF 
 1 Mikhail Sergachev        Owen Power               55     1   2  2  
 2 Dougie Hamilton          Tyson Barrie             45     1   2  2  

4 vs 4 Forward 
   Center                   Wing                     Time % Phy DF OF 
 1 Troy Terry               Ryan Poehling            55     1   2  2  
 2 Kevin Hayes              Tyson Foerster           45     1   2  2  

4 vs 4 Defense
   Defense                  Defense                  Time % Phy DF OF 
 1 Mikhail Sergachev        Owen Power               55     1   2  2  
 2 Dougie Hamilton          Tyson Barrie             45     1   2  2  

Last Minutes Offensive
   Center                   Left Wing                Right Wing               Defense                  Defense                  
   Troy Terry               Yegor Chinakhov          Tyson Foerster           Mikhail Sergachev        Owen Power               

Last Minutes Defensive
   Center                   Left Wing                Right Wing               Defense                  Defense                  
   Troy Terry               Yegor Chinakhov          Tyson Foerster           Mikhail Sergachev        Owen Power               

Goaltenders
Starting : Philipp Grubauer         
Backup : Adin Hill                

Extra Forwards
Normal : Trevor Zegras, Jansen Harkins, Logan Cooley - PP : Trevor Zegras, Jansen Harkins - PK : Logan Cooley
Extra Defensemen
Normal : Nate Schmidt, Philippe Myers, Dougie Hamilton - PP : Nate Schmidt - PK : Philippe Myers, Dougie Hamilton
Penalty Shots
Troy Terry, Ryan Poehling, Kevin Hayes, Tyson Foerster, Yegor Chinakhov
Custom OT Lines Forwards
Troy Terry, Ryan Poehling, Kevin Hayes, Tyson Foerster, Yegor Chinakhov, Logan Cooley, Miles Wood, Taylor Raddysh, Trevor Zegras, Bobby Brink
Custom OT Lines Defensemen
Mikhail Sergachev, Owen Power, Dougie Hamilton, Tyson Barrie, Nate Schmidt

Scratches
Danton Heinen (Left Foot Injury), Isaak Phillips (Healthy)

% Time on Ice - SALEM BLACK JAYS

Lines # - Real PCT - Wanted PCT - Time Play
Normal Forward
1 - 35% - 38% - 18:11
2 - 31% - 32% - 16:14
3 - 23% - 22% - 12:08
4 - 10% - 8% - 5:16
Normal Defense
1 - 35% - 36% - 18:03
2 - 28% - 31% - 14:36
3 - 34% - 23% - 17:51
4 - 3% - 10% - 1:19
PP Forward
1 - 44% - 55% - 0:59
2 - 56% - 45% - 1:15
PP Defense
1 - 67% - 55% - 1:30
2 - 33% - 45% - 0:44
PK Forward
1 - 58% - 55% - 3:27
2 - 42% - 45% - 2:30
PK Defense
1 - 36% - 55% - 2:07
2 - 64% - 45% - 3:50
PK3 Forward
1 - 0% - 55%
2 - 0% - 45%
PK3 Defense
1 - 0% - 55%
2 - 0% - 45%
44 Forward
1 - 0% - 55%
2 - 0% - 45%
44 Defense
1 - 0% - 55%
2 - 0% - 45%
Last Minute Offensive  - 0:00
Last Minute Defensive  - 0:00
Total
Forward - 60:00
Defense - 60:00

% Time on Ice - TEXAS TOROS

Lines # - Real PCT - Wanted PCT - Time Play
Normal Forward
1 - 33% - 36% - 17:12
2 - 28% - 31% - 14:24
3 - 30% - 23% - 15:40
4 - 9% - 10% - 4:33
Normal Defense
1 - 34% - 36% - 17:24
2 - 32% - 31% - 16:23
3 - 29% - 23% - 15:13
4 - 5% - 10% - 2:49
PP Forward
1 - 48% - 55% - 2:52
2 - 52% - 45% - 3:05
PP Defense
1 - 52% - 55% - 3:05
2 - 48% - 45% - 2:52
PK Forward
1 - 62% - 55% - 1:23
2 - 38% - 45% - 0:51
PK Defense
1 - 51% - 55% - 1:09
2 - 49% - 45% - 1:05
PK3 Forward
1 - 0% - 55%
2 - 0% - 45%
PK3 Defense
1 - 0% - 55%
2 - 0% - 45%
44 Forward
1 - 0% - 55%
2 - 0% - 45%
44 Defense
1 - 0% - 55%
2 - 0% - 45%
Last Minute Offensive  - 0:00
Last Minute Defensive  - 0:00
Total
Forward - 60:00
Defense - 60:00

Play-by-Play

1st period


0:01 of 1st period - Dylan Larkin wins face-off versus Yegor Chinakhov in neutral zone.
0:04 of 1st period - Shot by Mikko Rantanen.
0:04 of 1st period - Stopped by Philipp Grubauer without a rebound.
0:05 of 1st period - Ryan Poehling wins face-off versus Dylan Cozens in TEXAS TOROS zone.
0:20 of 1st period - Shot by Mathew Barzal.
0:20 of 1st period - Stopped by Philipp Grubauer without a rebound.
0:21 of 1st period - Theodor Blueger wins face-off versus Kevin Hayes in TEXAS TOROS zone.
0:22 of 1st period - Shot by Martin Necas.
0:22 of 1st period - Shot Blocked by Philippe Myers.
0:24 of 1st period - Shot by Martin Necas.
0:24 of 1st period - Shot Misses the Net.
1:02 of 1st period - Shot by Theodor Blueger.
1:02 of 1st period - Shot Misses the Net.
1:33 of 1st period - Shot by Mikko Rantanen.
1:33 of 1st period - Stopped by Philipp Grubauer with a rebound.
1:36 of 1st period - Mitchell Marner is hit by Philippe Myers and loses puck.
2:04 of 1st period - Logan Cooley is hit by Dylan Cozens and loses puck.
2:15 of 1st period - Shot by Dylan Cozens.
2:15 of 1st period - Stopped by Philipp Grubauer without a rebound.
2:16 of 1st period - Filip Chytil wins face-off versus Troy Terry in TEXAS TOROS zone.
2:23 of 1st period - Shot by Filip Chytil.
2:23 of 1st period - Shot Blocked by Mikhail Sergachev.
2:25 of 1st period - Shot by Filip Chytil.
2:25 of 1st period - Shot Blocked by Owen Power.
2:27 of 1st period - Shot by Matthew Grzelcyk.
2:27 of 1st period - Goal by Matthew Grzelcyk - SALEM BLACK JAYS : 1 - TEXAS TOROS : 0.
2:28 of 1st period - Dylan Cozens wins face-off versus Ryan Poehling in neutral zone.
3:02 of 1st period - Shot by Mathew Barzal.
3:02 of 1st period - Stopped by Philipp Grubauer with a rebound.
3:52 of 1st period - Shot by Yegor Chinakhov.
3:52 of 1st period - Shot Misses the Net.
3:58 of 1st period - Shot by Yegor Chinakhov.
3:58 of 1st period - Shot Blocked by Urho Vaakanainen.
4:00 of 1st period - Shot by Owen Power.
4:00 of 1st period - Shot Misses the Net.
4:02 of 1st period - Shot by Owen Power.
4:02 of 1st period - Shot Misses the Net.
4:43 of 1st period - Icing by Nikita Zadorov.
4:44 of 1st period - Dylan Larkin wins face-off versus Trevor Zegras in SALEM BLACK JAYS zone.
4:44 of 1st period - Dylan Larkin is hit by Taylor Raddysh.
5:05 of 1st period - Shot by Miles Wood.
5:05 of 1st period - Shot Misses the Net.
5:31 of 1st period - Shot by Troy Terry.
5:31 of 1st period - Shot Misses the Net.
5:33 of 1st period - Shot by Tyson Foerster.
5:33 of 1st period - Stopped by Juuse Saros without a rebound.
5:34 of 1st period - Kevin Hayes wins face-off versus Theodor Blueger in SALEM BLACK JAYS zone.
5:39 of 1st period - Shot by Kevin Hayes.
5:39 of 1st period - Stopped by Juuse Saros without a rebound.
5:40 of 1st period - Filip Chytil wins face-off versus Troy Terry in SALEM BLACK JAYS zone.
6:02 of 1st period - Shot by Troy Terry.
6:02 of 1st period - Stopped by Juuse Saros without a rebound.
6:03 of 1st period - Theodor Blueger wins face-off versus Ryan Poehling in SALEM BLACK JAYS zone.
6:21 of 1st period - Icing by Owen Power.
6:22 of 1st period - Dylan Larkin wins face-off versus Ryan Poehling in TEXAS TOROS zone.
8:17 of 1st period - Shot by Mathew Barzal.
8:17 of 1st period - Goal by Mathew Barzal - SALEM BLACK JAYS : 2 - TEXAS TOROS : 0.
8:18 of 1st period - Filip Chytil wins face-off versus Jansen Harkins in neutral zone.
8:37 of 1st period - Shot by Trevor Zegras.
8:37 of 1st period - Stopped by Juuse Saros with a rebound.
9:19 of 1st period - Shot by Dylan Larkin.
9:19 of 1st period - Shot Misses the Net.
9:21 of 1st period - Shot by Mitchell Marner.
9:21 of 1st period - Stopped by Philipp Grubauer with a rebound.
9:50 of 1st period - Minor Penalty to Urho Vaakanainen for Tripping.
9:51 of 1st period - Troy Terry wins face-off versus Theodor Blueger in SALEM BLACK JAYS zone.
10:27 of 1st period - Shot by Yegor Chinakhov.
10:27 of 1st period - Shot Misses the Net.
10:29 of 1st period - Shot by Tyson Foerster.
10:29 of 1st period - Shot Misses the Net.
10:31 of 1st period - Shot by Tyson Barrie.
10:31 of 1st period - Shot Blocked by Matthew Grzelcyk.
11:05 of 1st period - Shot by Owen Power.
11:05 of 1st period - Shot Misses the Net.
12:12 of 1st period - Shot by Bobby Brink.
12:12 of 1st period - Stopped by Juuse Saros without a rebound.
12:13 of 1st period - Barrett Hayton wins face-off versus Troy Terry in SALEM BLACK JAYS zone.
13:33 of 1st period - Troy Terry is hit by Colin Miller and loses puck.
13:41 of 1st period - Icing by Colin Miller.
13:42 of 1st period - Ryan Poehling wins face-off versus Dylan Larkin in SALEM BLACK JAYS zone.
13:43 of 1st period - Shot by Miles Wood.
13:43 of 1st period - Shot Misses the Net.
13:51 of 1st period - Icing by Mitchell Marner.
13:52 of 1st period - Mikko Rantanen wins face-off versus Ryan Poehling in SALEM BLACK JAYS zone.
14:34 of 1st period - Off-side.
14:35 of 1st period - Dylan Cozens wins face-off versus Kevin Hayes in neutral zone.
14:52 of 1st period - Shot by Dylan Cozens.
14:52 of 1st period - Deflect By Mathew Barzal.
14:52 of 1st period - Stopped by Philipp Grubauer without a rebound.
14:53 of 1st period - Jansen Harkins wins face-off versus Theodor Blueger in TEXAS TOROS zone.
14:57 of 1st period - Icing by Ryan Poehling.
14:58 of 1st period - Dylan Cozens wins face-off versus Jansen Harkins in TEXAS TOROS zone.
16:08 of 1st period - Tyson Foerster is hit by Joshua Morrissey and loses puck.
16:15 of 1st period - Shot by Tyson Foerster.
16:15 of 1st period - Deflect By Troy Terry.
16:15 of 1st period - Shot Misses the Net.
16:19 of 1st period - Shot by Yegor Chinakhov.
16:19 of 1st period - Shot Misses the Net.
16:21 of 1st period - Shot by Nate Schmidt.
16:21 of 1st period - Stopped by Juuse Saros without a rebound.
16:22 of 1st period - Kevin Hayes wins face-off versus Dylan Larkin in SALEM BLACK JAYS zone.
16:33 of 1st period - Mikko Rantanen is hit by Logan Cooley.
16:37 of 1st period - Logan Cooley is hit by Mitchell Marner and loses puck.
16:45 of 1st period - Minor Penalty to Mikko Rantanen for Hooking.
16:46 of 1st period - Theodor Blueger wins face-off versus Ryan Poehling in SALEM BLACK JAYS zone.
16:55 of 1st period - Theodor Blueger is hit by Miles Wood and loses puck.
17:02 of 1st period - Shot by Mikhail Sergachev.
17:02 of 1st period - Stopped by Juuse Saros with a rebound.
17:04 of 1st period - Shot by Mikhail Sergachev.
17:04 of 1st period - Shot Hit the Post.
17:26 of 1st period - Shot by Theodor Blueger.
17:26 of 1st period - Shot Misses the Net.
17:52 of 1st period - Shot by Tyson Foerster.
17:52 of 1st period - Stopped by Juuse Saros without a rebound.
17:53 of 1st period - Barrett Hayton wins face-off versus Yegor Chinakhov in SALEM BLACK JAYS zone.
19:10 of 1st period - Shot by Logan Cooley.
19:10 of 1st period - Shot Blocked by Dylan Larkin.
19:12 of 1st period - Shot by Nate Schmidt.
19:12 of 1st period - Shot Blocked by Urho Vaakanainen.
19:14 of 1st period - Shot by Kevin Hayes.
19:14 of 1st period - Stopped by Juuse Saros without a rebound.
19:15 of 1st period - Filip Chytil wins face-off versus Jansen Harkins in SALEM BLACK JAYS zone.
19:15 of 1st period - Filip Chytil is hit by Jansen Harkins.
19:52 of 1st period - Off-side.
19:53 of 1st period - Theodor Blueger wins face-off versus Troy Terry in neutral zone.
Goals for this period are 2 for SALEM BLACK JAYS vs 0 for TEXAS TOROS.
Shots for this period are 9 for SALEM BLACK JAYS vs 9 for TEXAS TOROS.

2nd period


0:01 of 2nd period - Dylan Larkin wins face-off versus Ryan Poehling in neutral zone.
0:11 of 2nd period - Shot by Mitchell Marner.
0:11 of 2nd period - Shot Misses the Net.
0:25 of 2nd period - Shot by Dylan Larkin.
0:25 of 2nd period - Shot Blocked by Mikhail Sergachev.
0:27 of 2nd period - Shot by Mitchell Marner.
0:27 of 2nd period - Shot Blocked by Ryan Poehling.
2:19 of 2nd period - Shot by Bobby Brink.
2:19 of 2nd period - Shot Misses the Net.
2:38 of 2nd period - Icing by Mathew Barzal.
2:39 of 2nd period - Dylan Cozens wins face-off versus Jansen Harkins in SALEM BLACK JAYS zone.
3:14 of 2nd period - Shot by Trevor Zegras.
3:14 of 2nd period - Stopped by Juuse Saros without a rebound.
3:15 of 2nd period - Mikko Rantanen wins face-off versus Yegor Chinakhov in SALEM BLACK JAYS zone.
3:22 of 2nd period - Shot by Mitchell Marner.
3:22 of 2nd period - Shot Blocked by Troy Terry.
3:24 of 2nd period - Shot by Mitchell Marner.
3:24 of 2nd period - Shot Misses the Net.
3:26 of 2nd period - Shot by Dylan Larkin.
3:26 of 2nd period - Shot Misses the Net.
3:28 of 2nd period - Shot by Mikko Rantanen.
3:28 of 2nd period - Stopped by Philipp Grubauer without a rebound.
3:29 of 2nd period - Kevin Hayes wins face-off versus Filip Chytil in TEXAS TOROS zone.
3:34 of 2nd period - Shot by Filip Chytil.
3:34 of 2nd period - Shot Misses the Net.
3:36 of 2nd period - Shot by Joshua Morrissey.
3:36 of 2nd period - Shot Misses the Net.
4:02 of 2nd period - Philippe Myers is hit by Mark Friedman and loses puck.
5:16 of 2nd period - Ryan Poehling is hit by Theodor Blueger and loses puck.
5:21 of 2nd period - Shot by Martin Necas.
5:21 of 2nd period - Shot Misses the Net.
5:23 of 2nd period - Shot by Martin Necas.
5:23 of 2nd period - Stopped by Philipp Grubauer without a rebound.
5:24 of 2nd period - Dylan Cozens wins face-off versus Troy Terry in TEXAS TOROS zone.
5:33 of 2nd period - Shot by Dylan Cozens.
5:33 of 2nd period - Deflect By Mathew Barzal.
5:33 of 2nd period - Shot Misses the Net.
5:35 of 2nd period - Shot by Mathew Barzal.
5:35 of 2nd period - Goal by Mathew Barzal - SALEM BLACK JAYS : 3 - TEXAS TOROS : 0.
5:36 of 2nd period - Dylan Larkin wins face-off versus Miles Wood in neutral zone.
5:39 of 2nd period - Shot by Mitchell Marner.
5:39 of 2nd period - Shot Blocked by Taylor Raddysh.
6:22 of 2nd period - Icing by Mikhail Sergachev.
6:23 of 2nd period - Ryan Poehling wins face-off versus Dylan Cozens in TEXAS TOROS zone.
6:27 of 2nd period - Owen Power is hit by Colin Miller and loses puck.
6:58 of 2nd period - Shot by Dylan Cozens.
6:58 of 2nd period - Shot Misses the Net.
7:23 of 2nd period - Yegor Chinakhov is hit by Cody Ceci.
7:37 of 2nd period - Shot by Martin Necas.
7:37 of 2nd period - Stopped by Philipp Grubauer without a rebound.
7:38 of 2nd period - Dylan Larkin wins face-off versus Bobby Brink in TEXAS TOROS zone.
7:45 of 2nd period - Shot by Mitchell Marner.
7:45 of 2nd period - Stopped by Philipp Grubauer without a rebound.
7:46 of 2nd period - Dylan Larkin wins face-off versus Kevin Hayes in TEXAS TOROS zone.
8:03 of 2nd period - Nate Schmidt is hit by Dylan Larkin and loses puck.
8:32 of 2nd period - Shot by Taylor Raddysh.
8:32 of 2nd period - Stopped by Juuse Saros with a rebound.
8:43 of 2nd period - Ryan Poehling is hit by Cody Ceci and loses puck.
8:49 of 2nd period - Dylan Larkin is hit by Owen Power and loses puck.
9:08 of 2nd period - Shot by Mikhail Sergachev.
9:08 of 2nd period - Stopped by Juuse Saros without a rebound.
9:09 of 2nd period - Troy Terry wins face-off versus Dylan Cozens in SALEM BLACK JAYS zone.
9:12 of 2nd period - Shot by Troy Terry.
9:12 of 2nd period - Shot Misses the Net.
9:28 of 2nd period - Shot by Dylan Cozens.
9:28 of 2nd period - Shot Misses the Net.
10:12 of 2nd period - Mikhail Sergachev is hit by Martin Necas and loses puck.
10:45 of 2nd period - Shot by Logan Cooley.
10:45 of 2nd period - Stopped by Juuse Saros without a rebound.
10:46 of 2nd period - Dylan Larkin wins face-off versus Ryan Poehling in SALEM BLACK JAYS zone.
11:03 of 2nd period - Joshua Morrissey is hit by Miles Wood and loses puck.
11:17 of 2nd period - Shot by Taylor Raddysh.
11:17 of 2nd period - Shot Misses the Net.
11:19 of 2nd period - Shot by Ryan Poehling.
11:19 of 2nd period - Stopped by Juuse Saros without a rebound.
11:20 of 2nd period - Dylan Cozens wins face-off versus Troy Terry in SALEM BLACK JAYS zone.
12:26 of 2nd period - Shot by Dylan Larkin.
12:26 of 2nd period - Stopped by Philipp Grubauer without a rebound.
12:27 of 2nd period - Dylan Larkin wins face-off versus Miles Wood in TEXAS TOROS zone.
12:38 of 2nd period - Shot by Dylan Larkin.
12:38 of 2nd period - Shot Blocked by Ryan Poehling.
12:59 of 2nd period - Shot by Dylan Larkin.
12:59 of 2nd period - Shot Blocked by Tyson Barrie.
13:01 of 2nd period - Shot by Nikita Zadorov.
13:01 of 2nd period - Stopped by Philipp Grubauer with a rebound.
13:18 of 2nd period - Off-side.
13:19 of 2nd period - Theodor Blueger wins face-off versus Kevin Hayes in neutral zone.
14:13 of 2nd period - Joshua Morrissey is hit by Logan Cooley and loses puck.
14:28 of 2nd period - Theodor Blueger is hit by Yegor Chinakhov and loses puck.
14:48 of 2nd period - Icing by Joshua Morrissey.
14:49 of 2nd period - Ryan Poehling wins face-off versus Theodor Blueger in SALEM BLACK JAYS zone.
14:59 of 2nd period - Joshua Morrissey is hit by Miles Wood and loses puck.
15:03 of 2nd period - Minor Penalty to Dougie Hamilton for Holding.
15:04 of 2nd period - Troy Terry wins face-off versus Dylan Larkin in TEXAS TOROS zone.
15:04 of 2nd period - Troy Terry is hit by Dylan Larkin.
15:18 of 2nd period - Shot by Mikko Rantanen.
15:18 of 2nd period - Goal by Mikko Rantanen - SALEM BLACK JAYS : 4 - TEXAS TOROS : 0.
15:18 of 2nd period - Adin Hill enters game.
15:19 of 2nd period - Filip Chytil wins face-off versus Troy Terry in neutral zone.
15:29 of 2nd period - Troy Terry is hit by Nikita Zadorov and loses puck.
15:35 of 2nd period - Minor Penalty to Matthew Grzelcyk for High sticking.
15:36 of 2nd period - Dylan Cozens wins face-off versus Ryan Poehling in SALEM BLACK JAYS zone.
16:12 of 2nd period - Shot by Mikhail Sergachev.
16:12 of 2nd period - Deflect By Ryan Poehling.
16:12 of 2nd period - Stopped by Juuse Saros without a rebound.
16:13 of 2nd period - Dylan Cozens wins face-off versus Troy Terry in SALEM BLACK JAYS zone.
16:22 of 2nd period - Martin Necas is hit by Tyson Foerster and loses puck.
16:31 of 2nd period - Shot by Troy Terry.
16:31 of 2nd period - Deflect By Tyson Foerster.
16:31 of 2nd period - Stopped by Juuse Saros with a rebound.
16:34 of 2nd period - Troy Terry is hit by Nikita Zadorov and loses puck.
16:44 of 2nd period - Troy Terry is hit by Nikita Zadorov and loses puck.
17:29 of 2nd period - Shot by Mikhail Sergachev.
17:29 of 2nd period - Shot Blocked by Cody Ceci.
17:39 of 2nd period - Shot by Bobby Brink.
17:39 of 2nd period - Stopped by Juuse Saros with a rebound.
17:41 of 2nd period - Shot by Logan Cooley.
17:41 of 2nd period - Shot Blocked by Colin Miller.
17:45 of 2nd period - Shot by Bobby Brink.
17:45 of 2nd period - Stopped by Juuse Saros without a rebound.
17:46 of 2nd period - Dylan Larkin wins face-off versus Kevin Hayes in SALEM BLACK JAYS zone.
18:01 of 2nd period - Shot by Dylan Larkin.
18:01 of 2nd period - Shot Misses the Net.
18:03 of 2nd period - Shot by Dylan Larkin.
18:03 of 2nd period - Stopped by Adin Hill with a rebound.
18:05 of 2nd period - Shot by Mitchell Marner.
18:05 of 2nd period - Stopped by Adin Hill without a rebound.
18:06 of 2nd period - Troy Terry wins face-off versus Dylan Cozens in TEXAS TOROS zone.
18:08 of 2nd period - Icing by Tyson Foerster.
18:09 of 2nd period - Troy Terry wins face-off versus Dylan Larkin in TEXAS TOROS zone.
18:24 of 2nd period - Shot by Troy Terry.
18:24 of 2nd period - Stopped by Juuse Saros without a rebound.
18:25 of 2nd period - Dylan Cozens wins face-off versus Ryan Poehling in SALEM BLACK JAYS zone.
19:15 of 2nd period - Icing by Ryan Poehling.
19:16 of 2nd period - Mikko Rantanen wins face-off versus Ryan Poehling in TEXAS TOROS zone.
19:16 of 2nd period - Mikko Rantanen is hit by Tyson Barrie.
19:32 of 2nd period - Shot by Troy Terry.
19:32 of 2nd period - Shot Misses the Net.
19:42 of 2nd period - Shot by Yegor Chinakhov.
19:42 of 2nd period - Shot Hit the Post.
19:44 of 2nd period - Shot by Troy Terry.
19:44 of 2nd period - Shot Misses the Net.
19:46 of 2nd period - Shot by Tyson Foerster.
19:46 of 2nd period - Shot Blocked by Nikita Zadorov.
19:48 of 2nd period - Shot by Troy Terry.
19:48 of 2nd period - Shot Misses the Net.
Goals for this period are 2 for SALEM BLACK JAYS vs 0 for TEXAS TOROS.
Shots for this period are 10 for SALEM BLACK JAYS vs 10 for TEXAS TOROS.

3rd period


0:01 of 3rd period - Dylan Cozens wins face-off versus Troy Terry in neutral zone.
0:42 of 3rd period - Shot by Tyson Foerster.
0:42 of 3rd period - Stopped by Juuse Saros without a rebound.
0:43 of 3rd period - Dylan Larkin wins face-off versus Ryan Poehling in SALEM BLACK JAYS zone.
2:12 of 3rd period - Shot by Logan Cooley.
2:12 of 3rd period - Shot Misses the Net.
2:23 of 3rd period - Icing by Urho Vaakanainen.
2:24 of 3rd period - Joe Snively wins face-off versus Troy Terry in SALEM BLACK JAYS zone.
3:28 of 3rd period - Shot by Ryan Poehling.
3:28 of 3rd period - Shot Misses the Net.
4:10 of 3rd period - Shot by Tyson Barrie.
4:10 of 3rd period - Shot Blocked by Matthew Grzelcyk.
4:13 of 3rd period - Logan Cooley is hit by Nikita Zadorov and loses puck.
4:22 of 3rd period - Shot by Kevin Hayes.
4:22 of 3rd period - Shot Blocked by Matthew Grzelcyk.
4:24 of 3rd period - Shot by Tyson Barrie.
4:24 of 3rd period - Shot Misses the Net.
4:51 of 3rd period - Shot by Yegor Chinakhov.
4:51 of 3rd period - Shot Misses the Net.
4:59 of 3rd period - Shot by Tyson Foerster.
4:59 of 3rd period - Shot Blocked by Nikita Zadorov.
5:01 of 3rd period - Shot by Tyson Foerster.
5:01 of 3rd period - Shot Misses the Net.
5:03 of 3rd period - Shot by Yegor Chinakhov.
5:03 of 3rd period - Shot Misses the Net.
5:06 of 3rd period - Tyson Foerster is hit by Nikita Zadorov and loses puck.
5:09 of 3rd period - Shot by Yegor Chinakhov.
5:09 of 3rd period - Shot Misses the Net.
5:11 of 3rd period - Shot by Yegor Chinakhov.
5:11 of 3rd period - Deflect By Troy Terry.
5:11 of 3rd period - Stopped by Juuse Saros without a rebound.
5:12 of 3rd period - Ryan Poehling wins face-off versus Dylan Larkin in SALEM BLACK JAYS zone.
5:38 of 3rd period - Off-side.
5:39 of 3rd period - Kevin Hayes wins face-off versus Filip Chytil in neutral zone.
6:10 of 3rd period - Shot by Tyson Barrie.
6:10 of 3rd period - Shot Misses the Net.
6:27 of 3rd period - Icing by Cody Ceci.
6:28 of 3rd period - Yegor Chinakhov wins face-off versus Filip Chytil in SALEM BLACK JAYS zone.
6:43 of 3rd period - Shot by Yegor Chinakhov.
6:43 of 3rd period - Shot Misses the Net.
6:56 of 3rd period - Icing by Owen Power.
6:57 of 3rd period - Dylan Larkin wins face-off versus Troy Terry in TEXAS TOROS zone.
7:08 of 3rd period - Shot by Mikko Rantanen.
7:08 of 3rd period - Stopped by Adin Hill without a rebound.
7:09 of 3rd period - Theodor Blueger wins face-off versus Ryan Poehling in TEXAS TOROS zone.
8:10 of 3rd period - Owen Power is hit by Colin Miller and loses puck.
9:16 of 3rd period - Shot by Mitchell Marner.
9:16 of 3rd period - Stopped by Adin Hill without a rebound.
9:17 of 3rd period - Dylan Cozens wins face-off versus Jansen Harkins in TEXAS TOROS zone.
9:25 of 3rd period - Icing by Joshua Morrissey.
9:26 of 3rd period - Ryan Poehling wins face-off versus Dylan Cozens in SALEM BLACK JAYS zone.
9:44 of 3rd period - Miles Wood is hit by Cody Ceci and loses puck.
9:55 of 3rd period - Shot by Tyson Barrie.
9:55 of 3rd period - Shot Misses the Net.
10:07 of 3rd period - Shot by Dylan Cozens.
10:07 of 3rd period - Stopped by Adin Hill without a rebound.
10:08 of 3rd period - Mikko Rantanen wins face-off versus Troy Terry in TEXAS TOROS zone.
10:18 of 3rd period - Shot by Dylan Larkin.
10:18 of 3rd period - Shot Misses the Net.
10:20 of 3rd period - Shot by Mitchell Marner.
10:20 of 3rd period - Shot Hit the Post.
10:48 of 3rd period - Mikko Rantanen is hit by Yegor Chinakhov and loses puck.
11:20 of 3rd period - Shot by Mathew Barzal.
11:20 of 3rd period - Deflect By Dylan Cozens.
11:20 of 3rd period - Stopped by Adin Hill with a rebound.
11:22 of 3rd period - Shot by Dylan Cozens.
11:22 of 3rd period - Stopped by Adin Hill with a rebound.
11:31 of 3rd period - Shot by Mathew Barzal.
11:31 of 3rd period - Stopped by Adin Hill without a rebound.
11:32 of 3rd period - Filip Chytil wins face-off versus Ryan Poehling in TEXAS TOROS zone.
11:54 of 3rd period - Minor Penalty to Dougie Hamilton for Tripping.
11:55 of 3rd period - Dylan Cozens wins face-off versus Troy Terry in TEXAS TOROS zone.
13:29 of 3rd period - Shot by Mitchell Marner.
13:29 of 3rd period - Shot Misses the Net.
14:08 of 3rd period - Shot by Theodor Blueger.
14:08 of 3rd period - Stopped by Adin Hill without a rebound.
14:09 of 3rd period - Filip Chytil wins face-off versus Troy Terry in TEXAS TOROS zone.
14:12 of 3rd period - Shot by Brett Seney.
14:12 of 3rd period - Shot Misses the Net.
14:22 of 3rd period - Shot by Yegor Chinakhov.
14:22 of 3rd period - Shot Misses the Net.
14:24 of 3rd period - Shot by Tyson Foerster.
14:24 of 3rd period - Shot Hit the Post.
14:26 of 3rd period - Shot by Owen Power.
14:26 of 3rd period - Stopped by Juuse Saros without a rebound.
14:27 of 3rd period - Theodor Blueger wins face-off versus Ryan Poehling in SALEM BLACK JAYS zone.
14:50 of 3rd period - Shot by Miles Wood.
14:50 of 3rd period - Stopped by Juuse Saros without a rebound.
14:51 of 3rd period - Kevin Hayes wins face-off versus Dylan Cozens in SALEM BLACK JAYS zone.
15:25 of 3rd period - Shot by Logan Cooley.
15:25 of 3rd period - Stopped by Juuse Saros without a rebound.
15:26 of 3rd period - Troy Terry wins face-off versus Dylan Larkin in SALEM BLACK JAYS zone.
15:26 of 3rd period - Tyson Foerster is hit by Colin Miller.
15:54 of 3rd period - Shot by Mitchell Marner.
15:54 of 3rd period - Shot Misses the Net.
16:11 of 3rd period - Dylan Larkin is hit by Owen Power and loses puck.
16:57 of 3rd period - Shot by Ryan Poehling.
16:57 of 3rd period - Shot Blocked by Matthew Grzelcyk.
16:59 of 3rd period - Shot by Dougie Hamilton.
16:59 of 3rd period - Shot Blocked by Nikita Zadorov.
17:01 of 3rd period - Shot by Tyson Barrie.
17:01 of 3rd period - Shot Misses the Net.
17:10 of 3rd period - Shot by Miles Wood.
17:10 of 3rd period - Stopped by Juuse Saros without a rebound.
17:11 of 3rd period - Theodor Blueger wins face-off versus Logan Cooley in SALEM BLACK JAYS zone.
17:20 of 3rd period - Shot by Martin Necas.
17:20 of 3rd period - Stopped by Adin Hill without a rebound.
17:21 of 3rd period - Kevin Hayes wins face-off versus Dylan Larkin in TEXAS TOROS zone.
17:34 of 3rd period - Shot by Kevin Hayes.
17:34 of 3rd period - Shot Blocked by Joshua Morrissey.
18:06 of 3rd period - Shot by Mitchell Marner.
18:06 of 3rd period - Stopped by Adin Hill without a rebound.
18:07 of 3rd period - Ryan Poehling wins face-off versus Dylan Cozens in TEXAS TOROS zone.
18:24 of 3rd period - Shot by Dylan Cozens.
18:24 of 3rd period - Shot Misses the Net.
18:50 of 3rd period - Shot by Ryan Poehling.
18:50 of 3rd period - Stopped by Juuse Saros without a rebound.
18:51 of 3rd period - Theodor Blueger wins face-off versus Troy Terry in SALEM BLACK JAYS zone.
19:10 of 3rd period - Shot by Theodor Blueger.
19:10 of 3rd period - Stopped by Adin Hill without a rebound.
19:11 of 3rd period - Kevin Hayes wins face-off versus Dylan Larkin in TEXAS TOROS zone.
Goals for this period are 0 for SALEM BLACK JAYS vs 0 for TEXAS TOROS.
Shots for this period are 10 for SALEM BLACK JAYS vs 7 for TEXAS TOROS.


VINCE
DUNN
JAMIE
BENN
JONATHAN
DROUIN

EAST COAST

HOCKEY LEAGUE